 Dungeon Crawl Stone Soup version 0.28-a0-697-g47f3eba078 (webtiles) character file.

Game seed: 424750417512357023

1041 a11behringer the Destroyer (level 8, -1/42 HPs)
             Began as a Deep Elf Conjurer on Oct 24, 2021.
             Was an Initiate of Gozag.
             Slain by an orc priest (8 damage)
             ... on level 5 of the Dungeon.
             The game lasted 00:32:20 (6339 turns).

a11behringer the Destroyer (Deep Elf Conjurer)      Turns: 6339, Time: 00:32:21

Health: -1/42      AC:  4    Str:  4    XL:     8   Next: 4%
Magic:  6/22       EV: 12    Int: 26    God:    Gozag
Gold:   646        SH:  0    Dex: 13    Spells: 7/23 levels left

rFire   + . .      SeeInvis +   e - +0 quarterstaff
rCold   . . .      Faith    .   (shield currently unavailable)
rNeg    . . .      Spirit   .   a - +1 robe
rPois   .          Reflect  .   k - +0 helmet
rElec   .          Harm     .   (no cloak)
rCorr   .          Rampage  .   (no gloves)
Will    .....                   (no boots)
Stlth   +++.......              (no amulet)
HPRegen 0.14/turn               q - ring of see invisible
MPRegen 0.18/turn               o - ring of protection from fire

@: gold aura
A: no striking features
a: Renounce Religion, Potion Petition, Call Merchant, Bribe Branch


You were on level 5 of the Dungeon.
You worshipped Gozag.
Gozag was pleased with you.
You visited 1 branch of the dungeon, and saw 5 of its levels.

You collected 665 gold pieces.
You paid 19 gold pieces to Gozag.

Inventory:

Hand Weapons
 b - a +1 dagger
 e - a +0 quarterstaff (weapon)
 n - a +0 scythe of protection
Armour
 a - a +1 robe (worn)
 k - a +0 helmet (worn)
Jewellery
 o - a ring of protection from fire (right hand)
 q - a ring of see invisible (left hand)
Wands
 g - a wand of iceblast (8)
 l - a wand of acid (7)
Scrolls
 f - a scroll of fog
 j - a scroll of enchant armour
Potions
 c - a potion of might
 d - 2 potions of brilliance {unknown}
 h - a potion of mutation {unknown}
 i - 2 potions of degeneration {unknown}
 m - a potion of curing {unknown}
 p - a potion of flight {unknown}


   Skills:
 + Level 0.6 Fighting
 + Level 2.9 Dodging
 + Level 4.8 Stealth
 + Level 8.1 Spellcasting
 + Level 8.3 Conjurations


You had 7 spell levels left.
You knew the following spells:

 Your Spells              Type           Power      Damage    Failure   Level
a - Magic Dart            Conj           100%       1d8       1%          1
b - Searing Ray           Conj           100%       2d8       1%          2
c - Dazzling Flash        Conj/Hex       64%        N/A       3%          3
d - Iskenderun's Mystic   Conj/Tloc      32%        2d8       10%         4
e - Vampiric Draining     Necr           5%         2d6       17%         3
f - Summon Guardian Gole  Hex/Summ       10%        N/A       17%         3

Your spell library contained the following spells:

 Spells                   Type           Power      Damage    Failure   Level
 Sting                    Tmut/Pois      40%        1d5       5%          1
 Ensorcelled Hibernation  Hex/Ice        20%        N/A       9%          2
 Poisonous Vapours        Pois/Air       20%        N/A       9%          2
 Slow                     Hex            10%        N/A       9%          2
 Fulminant Prism          Conj/Hex       16%        3d11      10%         4
 Confusing Touch          Hex            10%        N/A       17%         3
 Tukima's Dance           Hex            10%        N/A       17%         3
 Olgreb's Toxic Radiance  Pois           10%        N/A       50%         4
 Orb of Destruction       Conj           26%        9d10      85%         7
 Spellforged Servitor     Conj/Summ      16%        N/A       100%        7


Dungeon Overview and Level Annotations

Branches:
Dungeon (5/15)             Temple (0/1) D:5

Altars:
Gozag
Hepliaklqana
Qazlal
Ru

Shops:
D:4 (


Message History

The orc priest hits your guardian golem but does no damage.
The orc priest hits your guardian golem with a +0 trident!
The orc priest barely misses your guardian golem.
Something hits your guardian golem.
An orc priest is nearby!
Something hits your guardian golem. Something hits your guardian golem.
Menkaure is nearby!
Menkaure hits your guardian golem!
Your guardian golem overheats!
The orc priest hits you from afar with a +0 trident.
The orc priest hits you from afar with a +0 trident!
Casting: Summon Guardian Golem (quite dangerous; 17% risk of failure)
Confirm with . or Enter, or press ? or * to list all spells.
Aiming: Searing Ray (safe; 1% risk of failure)
Press: ? - help, Shift-Dir - straight line, f - orc priest, p - Menkaure
Aim: an orc priest, wielding a +0 trident (moderately wounded, 83% to hit)
Okay, then.
Casting: Searing Ray (safe; 1% risk of failure)
Confirm with . or Enter, or press ? or * to list all spells.
Aiming: Searing Ray (safe; 1% risk of failure)
Press: ? - help, Shift-Dir - straight line, f/p - Menkaure
Aim: Menkaure (moderately damaged, fast, ally target, 92% to hit)
The searing ray hits Menkaure but does no damage.
Menkaure is moderately damaged. (Press . to maintain the ray.) Menkaure gestures at you while chanting.
You struggle to resist.
The orc priest misses you.
The searing ray hits Menkaure!
Menkaure is almost destroyed.
Menkaure gestures at you while chanting.
Pain shoots through your body!
* * * LOW HITPOINT WARNING * * *
The orc priest hits you from afar with a +0 trident.
* * * LOW HITPOINT WARNING * * *
The searing ray hits Menkaure.
You destroy Menkaure!
The orc priest hits you from afar with a +0 trident!
You die...
Your body crumbles into a pile of gold.

........[#...# ##..#
.........#..## ##))##
........##..# ##..##
.......###..# ##..##
...##### #..# ##..##
#### #..# ##..## ##..#
##.o##
#########...####$9###
............##..@...#
....####........###..#
..### ####.....# #.#
.## #....## ... .##
#....# ... ..###
#....# ..## ....###
#.....# .#
###...###....).# ##
##............


You could see an orc priest and a friendly guardian golem (summoned, inner
flame).

Vanquished Creatures
  Sigmund (D:5)
  Menkaure (D:5)
  2 ogres (D:4)
  A centaur (D:5)
  A scorpion (D:4)
  A water moccasin skeleton (D:5)
  A hound (D:4)
  2 jellies
  An orc priest (D:3)
  2 iguanas (D:4)
  An orc wizard (D:5)
  A hound skeleton (D:4)
  3 gnolls (D:3)
  5 adders
  2 shadow imps (D:3)
  2 adder skeletons
  A worm (D:3)
  A dart slug (D:3)
  15 orcs
  8 bats
  5 endoplasms
  5 giant cockroaches
  4 goblins (D:1)
  5 hobgoblins
  20 jackals
  4 kobolds
  3 quokkas
  10 ball pythons
  2 frilled lizards
  3 rats (D:1)
113 creatures vanquished.

Vanquished Creatures (others)
  An ice beast (D:5)
1 creature vanquished.

Grand Total: 114 creatures vanquished

Notes
Turn   | Place    | Note
-------+----------+-------------------------------------------
     0 | D:1      | a11behringer the Deep Elf Conjurer began the quest for the
                  | Orb.
     0 | D:1      | Reached XP level 1. HP: 10/10 MP: 6/6
   284 | D:1      | Reached XP level 2. HP: 15/15 MP: 4/8
   396 | D:1      | Learned a level 2 spell: Searing Ray
   560 | D:1      | Reached skill level 5 in Conjurations
  1021 | D:1      | Reached XP level 3. HP: 19/19 MP: 8/10
  2126 | D:2      | Found an opulent altar of Gozag.
  2132 | D:2      | Became a worshipper of Gozag Ym Sagoz the Greedy
  2529 | D:3      | Reached XP level 4. HP: 24/24 MP: 6/12
  3055 | D:3      | Found a transporter.
  3074 | D:3      | Found a transporter.
  3084 | D:3      | Reached XP level 5. HP: 28/28 MP: 9/13
  3608 | D:3      | Found a faded altar of an unknown god.
  3951 | D:3      | Reached skill level 5 in Spellcasting
  4332 | D:4      | You fall into a shaft and drop 1 floor!
  4332 | D:5      | Entered Level 5 of the Dungeon
  4336 | D:5      | Noticed Sigmund
  4341 | D:5      | Killed Sigmund
  4342 | D:5      | Reached XP level 6. HP: 20/32 MP: 7/17
  4468 | D:4      | Found a hazy altar of Hepliaklqana.
  4685 | D:4      | Reached XP level 7. HP: 36/36 MP: 14/18
  4877 | D:4      | Found Bemoxuta's Weapon Shop.
  5632 | D:5      | Found a stormy altar of Qazlal.
  5709 | D:5      | Found a sacrificial altar of Ru.
  5740 | D:5      | Learned a level 3 spell: Dazzling Flash
  5745 | D:5      | Learned a level 4 spell: Iskenderun's Mystic Blast
  5749 | D:5      | Learned a level 3 spell: Vampiric Draining
  5753 | D:5      | Learned a level 3 spell: Summon Guardian Golem
  5831 | D:5      | Found a staircase to the Ecumenical Temple.
  5969 | D:5      | Reached XP level 8. HP: 42/42 MP: 18/22
  6313 | D:5      | Noticed Menkaure
  6339 | D:5      | Killed Menkaure
  6339 | D:5      | Slain by an orc priest

Illustrated notes

Levels and vault maps discovered:
D:1:      psy_arrival_fountain, layout_loops_corners
D:2:      layout_loops_corners, basic_altar, nrook_campfire
D:3:      gammafunk_wand_slinger, layout_basic,
          hellmonk_ecumenical_altar_inner_sanctum
D:4:      layout_layer_cave, mainiacjoe_overflow_boulevard, serial_shops,
          nicolae_shop_stone
D:5:      layout_layer_cave, mainiacjoe_overflow_tiny_flanked,
          mainiacjoe_overflow_cross_hatched, nemelex_dance_club_becter,
          minmay_temple_entry_statues_fountains, uniq_menkaure, uniq_sigmund

Skill      XL: |  1  2  3  4  5  6  7 |
---------------+----------------------+-----
Conjurations   | 5 6 7 8 |  8.3
Spellcasting   | 4 6 8 |  8.1
Stealth        | 3 4 |  4.8
Fighting       | |  0.6
Dodging        | |  2.9

Action                   |  1- 3 |  4- 6 |  7- 9 || total
-------------------------+-------+-------+-------++-------
Melee: Dagger            |     3 |       |       ||     3
 Cast: Magic Dart        |    62 |    24 |    42 ||   128
       Searing Ray       |    11 |    28 |    12 ||    51
       Summon Guardian G |       |       |     2 ||     2
       Iskenderun's Myst |       |       |     1 ||     1
  Use: Scroll            |     4 |     3 |     1 ||     8
Armor: Robe              |     2 |     1 |       ||     3
Dodge: Dodged            |     9 |    10 |     4 ||    23

Table legend: (Time is in decaauts)
 A = Elapsed time spent in this place.
 B = Non-inter-level travel time spent in this place.
 C = Inter-level travel time spent in this place.
 D = Time resting spent in this place.
 E = Time spent auto-exploring this place.
 F = Levels seen in this place.
 G = Mean time per level.
                   A        B        C        D        E       F      G
               +--------+--------+--------+--------+--------+-----+--------+
         Total |   6338 |   5662 |    676 |      0 |   4957 |   5 | 1267.6 |
       Dungeon |   6338 |   5662 |    676 |      0 |   4957 |   5 | 1267.6 |
               +--------+--------+--------+--------+--------+-----+--------+

Top non-repeatable levels by time:
     D:3: 1651 daAuts
     D:4: 1365 daAuts
     D:2: 1278 daAuts
     D:1: 1201 daAuts
     D:5: 842 daAuts
